Map: Blueshift LE

Players

NeoVeoVII

  • Race: Protoss Protoss
  • League: Platinum
  • Spawn Location: 1:00

llllllllllll - Winner!

  • Race: Zerg Zerg
  • League: Platinum
  • Spawn Location: 7:00

VOD

Have the link to the VOD?

Description

I'm a plat protross player, played a 340 amp zerg play

Time

  • Played on: Sept. 22, 2018, 3:01 p.m.
  • Length: 11:57
Show
View Real Time Build Order
Export as new Build Order

NeoVeoVII Protoss 

Build Orders: Oracle Opening, Zealot Archon 

Get SALT Encoding   

  12  0:01  Probe  
  13  0:18  Probe  
  14  0:21  Pylon  
  14  0:30  Probe  
  15  0:38  Probe  
  15  0:39  Gateway  
  16  0:46  Probe  
  16  0:55  Probe  
  17  1:01  Assimilator  
  17  1:03  Probe  
  18  1:08  Pylon  
  19  1:11  Probe  
  20  1:23  Probe  
  20  1:25  Assimilator  
  21  1:29  Cybernetics Core  
  21  1:35  Probe  
  22  1:47  Probe  
  23  1:58  Probe  
  24  2:02  Nexus  
  24  2:06  Probe  
  24  2:14  Probe  
  25  2:22  Gateway  
  26  2:23  Warp Gate  
  26  2:27  Zealot  
  26  2:29  Probe  
  29  2:37  Pylon  
  29  2:49  Stargate  
  29  2:57  Adept  
  31  3:05  Probe  
  32  3:10  Adept  
  34  3:15  Pylon, Probe  
  34  3:18  Probe  
  34  3:19  Twilight Council  
  35  3:23  Probe  
  35  3:27  Probe  
  36  3:31  Probe  
  38  3:36  Oracle, Probe  
  43  3:43  Probe  
  44  3:50  Probe  
  44  3:55  Charge  
  45  4:01  Robotics Facility  
  45  4:02  Probe x2  
  47  4:10  Probe  
  47  4:13  Assimilator  
  47  4:14  Probe  
  49  4:19  Probe  
  49  4:23  Forge  
  50  4:26  Gateway, Probe  
  50  4:27  Pylon  
  50  4:31  Probe  
  52  4:38  Probe  
  53  4:40  Immortal  
  53  4:41  Phoenix  
  53  4:43  Probe  
  57  4:54  Assimilator  
  57  5:00  Pylon  
  57  5:06  Gateway  
  57  5:08  Protoss Ground Armor Level 1  
  57  5:09  Gateway  
  57  5:11  Gateway  
  57  5:12  Gateway  
  57  5:14  Immortal  
  61  5:31  Robotics Bay  
  61  5:33  Zealot x2  
  65  5:38  Templar Archives  
  65  5:43  Zealot  
  67  5:59  Immortal  
  71  6:11  Zealot x3  
  75  6:18  Pylon  
  77  6:19  Pylon  
  77  6:23  Pylon  
  77  6:27  Pylon  
  77  6:37  Gateway, High Templar x2  
  77  6:39  Zealot x3, Observer  
  88  6:44  High Templar  
  88  6:46  High Templar  
  88  6:47  Protoss Ground Weapons Level 1  
  92  6:48  Archon  
  92  6:51  Archon  
  92  7:13  Nexus, Zealot x5  
  102  7:17  Immortal  
  102  7:21  Gateway  
  102  7:23  Pylon  
  102  7:27  Pylon  
  106  7:35  Pylon  
  106  7:38  High Templar x2  
  106  7:42  Archon  
  110  7:47  High Templar  
  110  7:50  Zealot x3  
  118  7:51  Warp Prism  
  120  8:03  Pylon, Probe x2  
  122  8:39  Psionic Storm  
  88  8:41  Protoss Ground Armor Level 2  
  74  8:52  Zealot x4  
  74  8:53  Zealot x4  
  74  8:55  Probe x3  
  91  9:10  Probe x3  
  91  9:14  High Templar x4  
  91  9:16  Zealot x4  
  110  9:18  Archon x2  
  110  9:23  Probe x3  
  113  9:41  High Templar x2  
  117  9:45  Assimilator  
  117  9:48  Assimilator  
  117  10:00  High Templar  
  117  10:04  Zealot x4  
  117  10:05  Zealot  
  129  10:24  Immortal  
  129  10:27  High Templar x2  
  137  10:34  Nexus  
  117  10:40  Zealot x6  
  100  10:56  Pylon  
  100  10:58  Shield Battery  
  100  11:00  Shield Battery  
  100  11:01  High Templar x3, Shield Battery  
  100  11:03  Zealot x3  
  100  11:04  Zealot x2  
  114  11:07  Archon x2  
  114  11:08  Archon  
  116  11:15  Pylon  
  116  11:17  Pylon  
  116  11:27  Gateway  
  116  11:28  Gateway  
  116  11:31  Robotics Bay  
  116  11:34  High Templar x2  
  116  11:35  Zealot x2  
  116  11:36  Zealot x2  
  116  11:39  Archon  
Show
View Real Time Build Order
Export as new Build Order

llllllllllll Zerg - Winner!

Build Orders: 3 Hatch before Pool 

Get SALT Encoding   

  12  0:00  Drone  
  13  0:12  Overlord  
  13  0:16  Drone  
  14  0:30  Drone x2  
  14  0:34  Drone  
  17  0:54  Drone  
  17  0:55  Hatchery  
  17  0:59  Drone  
  18  1:20  Hatchery  
  17  1:31  Spawning Pool  
  16  1:33  Drone  
  16  1:36  Drone  
  18  1:40  Drone  
  18  1:46  Overlord  
  19  2:01  Drone  
  20  2:10  Drone x2  
  22  2:20  Drone x2  
  24  2:32  Drone x2  
  24  2:34  Queen x3  
  32  2:37  Drone  
  32  2:41  Overlord  
  33  2:46  Overlord  
  33  2:48  Drone  
  34  2:51  Drone  
  34  2:53  Drone  
  34  2:54  Drone  
  37  3:02  Drone x2  
  39  3:05  Drone  
  40  3:15  Queen x2  
  40  3:16  Queen  
  46  3:23  Drone x4  
  46  3:25  Drone  
  51  3:32  Drone x2  
  54  3:34  Drone  
  54  3:37  Overlord  
  54  3:46  Drone x2  
  54  3:47  Overlord  
  56  4:00  Drone x3  
  56  4:02  Extractor  
  58  4:03  Extractor x2  
  58  4:04  Extractor  
  58  4:05  Extractor  
  58  4:06  Extractor, Drone x2  
  55  4:21  Drone x4  
  59  4:33  Drone  
  59  4:34  Drone x8  
  68  4:42  Drone x2  
  68  4:43  Drone  
  71  5:02  Metabolic Boost  
  71  5:04  Evolution Chamber, Lair  
  71  5:05  Evolution Chamber x2  
  71  5:06  Drone x2  
  70  5:08  Drone x3  
  70  5:09  Drone  
  70  5:10  Overlord  
  70  5:11  Overlord x6  
  70  5:13  Pneumatized Carapace  
  74  5:27  Spore Crawler  
  74  5:28  Hatchery  
  72  5:29  Spore Crawler  
  72  5:30  Spore Crawler  
  72  5:31  Zerg Ground Armor Level 1, Spore Crawler, Zerg Melee Weapons Level 1, Zerg Missile Weapons Level 1  
  72  5:33  Spore Crawler  
  72  5:35  Spore Crawler  
  67  5:57  Drone x2  
  67  5:59  Drone  
  70  6:05  Drone x4  
  70  6:06  Drone x4  
  70  6:07  Drone  
  79  6:13  Drone x3, Baneling Nest  
  81  6:47  Zergling x2  
  81  6:48  Zergling x34  
  81  6:49  Zergling x6  
  102  6:54  Hydralisk Den  
  102  6:56  Hydralisk Den, Centrifical Hooks  
  100  7:10  Hatchery  
  99  7:24  Drone x5  
  99  7:25  Drone x13  
  99  7:27  Baneling  
  99  7:28  Baneling x19  
  99  7:29  Overseer  
  117  7:30  Overseer x2  
  117  7:33  Overlord x2  
  117  7:36  Grooved Spines, Muscular Augments  
  117  7:50  Extractor  
  116  7:51  Extractor, Spore Crawler  
  116  7:54  Zerg Ground Armor Level 2, Zerg Melee Weapons Level 2, Spore Crawler, Zerg Missile Weapons Level 2  
  113  7:59  Drone x3  
  113  8:00  Drone x3  
  113  8:01  Drone x2  
  113  8:05  Hydralisk x2  
  121  8:06  Hydralisk x7  
  121  8:09  Hydralisk x2  
  141  8:14  Hydralisk  
  141  8:19  Overlord  
  143  8:20  Overlord x3  
  139  8:37  Hydralisk  
  139  8:38  Hydralisk x11  
  137  8:49  Hydralisk  
  137  8:50  Hydralisk x5  
  137  8:51  Hydralisk  
  151  9:04  Hydralisk  
  151  9:05  Hydralisk x6  
  165  9:26  Drone x5  
  165  9:27  Drone  
  165  9:28  Overlord  
  165  9:29  Overlord x8  
  171  9:54  Baneling x6  
  171  9:55  Baneling x9, Extractor  
  171  9:56  Hydralisk x8, Spore Crawler  
  171  9:57  Extractor, Spore Crawler  
  183  10:07  Infestation Pit  
  183  10:08  Drone x3  
  183  10:09  Drone x2  
  183  10:10  Drone  
  175  10:49  Zergling x10  
  166  10:50  Zergling x42  
  166  10:55  Zergling x6  
  186  11:05  Queen  
  188  11:16  Baneling x16  
  188  11:17  Baneling x12  
  188  11:18  Zergling x2  
  188  11:19  Zergling x20  
  188  11:25  Hatchery  
Tags
 
Add a new tag
Caveats
  • Supply blocks, unpowered buildings, or Contaminate may cause inaccurate times.
  • Supply counts are checked every 10 seconds.